 Dungeon Crawl Stone Soup version 0.29-a0-322-g68df515428 (webtiles) character file.

Game seed: 9331752431650596174

665 sokol815 the Cruncher (level 7, -3/40 HPs)
             Began as a Gargoyle Gladiator on Apr 6, 2022.
             Was a Believer of Wu Jian.
             Killed by divine providence
             ... invoked by an orc priest
              (9 damage)
             ... on level 5 of the Dungeon on Apr 7, 2022.
             The game lasted 00:08:09 (4157 turns).

sokol815 the Cruncher (Gargoyle Gladiator)          Turns: 4157, Time: 00:08:09

Health: -3/40      AC: 14    Str: 18    XL:     7   Next: 57%
Magic:  7/7        EV: 10    Int: 10    God:    Wu Jian [**....]
Gold:   289        SH:  0    Dex: 11    Spells: 6/6 levels left

rFire   . . .      SeeInvis .   a - +1 quarterstaff
rCold   . . .      Faith    .   (shield currently unavailable)
rNeg    + . .      Spirit   .   l - +0 scale mail
rPois   ∞          Reflect  .   c - +1 helmet
rElec   +          Harm     .   u - +0 cloak
rCorr   .          Rampage  .   n - +0 pair of gloves
Will    .....                   (no boots)
Stlth   ..........              (no amulet)
HPRegen 0.13/turn               (no ring)
MPRegen 0.10/turn               (no ring)

@: studying Hexes
A: sickness immunity, AC +4, negative energy resistance 1, electricity
resistance, torment resistance 1, petrification resistance
a: Renounce Religion, Wall Jump


You were on level 5 of the Dungeon.
You worshipped Wu Jian.
Wu Jian was pleased with you.
You visited 1 branch of the dungeon, and saw 5 of its levels.

You collected 289 gold pieces.

Inventory:

Hand Weapons
 a - a +1 quarterstaff (weapon)
 k - a +0 war axe
   (You found it on level 2 of the Dungeon)
 q - a +2 short sword of venom
   (You took it off a kobold on level 2 of the Dungeon)
 r - a +0 dagger of speed
   (You took it off an orc on level 4 of the Dungeon)
 t - a +0 short sword of draining
   (You took it off an orc on level 4 of the Dungeon)
 v - a +3 quarterstaff of chaos
   (You took it off Crazy Yiuf on level 4 of the Dungeon)
Missiles
 d - 4 throwing nets {!d}
 e - 7 javelins
 m - 6 poisoned darts
 s - 133 stones
Armour
 b - a +0 leather armour
 c - a +1 helmet (worn)
 l - a +0 scale mail (worn)
   (You found it on level 1 of the Dungeon)
 n - a +0 pair of gloves (worn)
   (You found it on level 3 of the Dungeon)
 u - a +0 cloak (worn)
   (You took it off Crazy Yiuf on level 4 of the Dungeon)
Jewellery
 f - a ring of fire {rF+, rC-}
   (You found it on level 3 of the Dungeon)
 i - an amulet of faith
   (You found it on level 1 of the Dungeon)
Wands
 h - a wand of acid (8)
   (You found it on level 3 of the Dungeon)
Scrolls
 o - a scroll of enchant armour
 E - a scroll of fear
 S - a scroll of summoning
 Y - 2 scrolls of teleportation {@r3}
Potions
 g - a potion of attraction {!q}
 j - a potion of heal wounds {unknown}
 p - 2 potions of cancellation
 L - a potion of flight
 M - 4 potions of might
 P - 2 potions of lignification {!q}
 T - 2 potions of berserk rage {!q}
 U - a potion of mutation {!q}


   Skills:
 - Level 2.1 Fighting
 + Level 8.6 Staves
 - Level 1.7 Throwing
 - Level 2.4 Dodging


You had 6 spell levels left.
You didn't know any spells.
Your spell library contained the following spells:

 Spells                   Type           Power      Damage    Failure   Level
 Sting                    Tmut/Pois      0%         1d3       78%         1
 Poisonous Vapours        Pois/Air       0%         N/A       89%         2
 Static Discharge         Conj/Air       0%         N/A       89%         2
 Dispel Undead            Necr           0%         3d6       100%        4
 Olgreb's Toxic Radiance  Pois           0%         N/A       100%        4
 Sticky Flame             Conj/Fire      0%         2d3       100%        4
 Lightning Bolt           Conj/Air       0%         1d11      100%        5
 Maxwell's Capacitive Co  Air            0%         ∞         100%        8


Dungeon Overview and Level Annotations

Branches:
Dungeon (5/15)
 Temple: D:4-7

Altars:
Vehumet
Wu Jian
Xom


Innate Abilities, Weirdness & Mutations

You are immune to sickness and miasma.
Your stone body is resilient. (AC +4)
You are immune to poison.
You resist negative energy. (rN+)
You are resistant to electric shocks. (rElec)
You are resistant to unholy torment.
You are immune to petrification.


Message History

There is an open translucent door, spattered with blood here.
You see here a +3 quarterstaff of chaos.
v - a +3 quarterstaff of chaos You start putting on your armour.
You continue putting on your +0 cloak. x4
You finish putting on your +0 cloak.
Done exploring.
Done exploring.
Okay, then.
Okay, then.
Done exploring.
(D) Dungeon
Where to? (Enter - D:4 @ (x,y), ? - help)
There is an open translucent door, spattered with blood here.
Things that are here:
a +0 club; a +0 hand axe
There is a stone staircase leading down here.
You climb downwards.
The ufetubus shouts!
The hound barks!
The iguana hisses angrily.
You hear a shout!
There is a stone staircase leading up here.
There are monsters nearby!
The hound barely misses you.
An iguana comes into view.
You miss the hound.
The iguana hisses angrily.
The hound barely misses you.
You hit the hound. The hound closely misses you. The hound barely misses you.
You hit the hound. The ufetubus barely misses you.
The ufetubus hits you but does no damage.
The hound barely misses you.
You hit the hound. The ufetubus barely misses you.
The ufetubus hits you but does no damage.
The hound bites you.
You take 4 damage, and have 36/40 hp.
You sock the ufetubus!
You kill the ufetubus!
The Council accepts your kill. The hound misses you. The iguana bites you!
An ogre comes into view. It is wielding a +0 giant club.
The hound barely misses you.
You take 8 damage, and have 28/40 hp.
You barely miss the hound. The hound barely misses you.
The iguana completely misses you.
The iguana bites you but does no damage.
You spin and attack the iguana.
You completely miss the iguana. The iguana completely misses you.
There is a stone staircase leading up here.
The hound bites you but does no damage. The hound barely misses you.
The iguana bites you.
You climb upwards.
There is a stone staircase leading down here.
You sock the hound!
You kill the hound!
The Council accepts your kill. The iguana barely misses you.
The iguana attacks as you move away! The iguana closely misses you.
You hit the iguana. The iguana misses you.
You sock the iguana! You barely miss the iguana. The iguana closely misses you.
You completely miss the iguana. The iguana closely misses you.
You hit the iguana. The iguana bites you.
You take 3 damage, and have 25/40 hp.
You sock the iguana!
You kill the iguana!
The Council accepts your kill.
You start resting.
Health restored: 40
There is an open door, spattered with blood here.
Items here: )))) [[.
You see here a +0 spear.
You see here a +0 spear.
There is a stone staircase leading down here.
You climb downwards.
The orc priest shouts!
You hear a bark!
Found an escape hatch in the floor.
There is a stone staircase leading up here.
An orc wizard comes into view. It is wielding a +0 dagger.
The orc wizard shouts!
You hear a bark!
A hound comes into view.
There is an escape hatch in the floor here.
The orc priest mumbles some strange prayers to Beogh against you.
Beogh smites you!
You take 14 damage, and have 26/40 hp.
MASSIVE DAMAGE!!
An orc wizard comes into view. It is wielding a +0 dagger.
The orc wizard shouts!
The orc priest invokes the aid of Beogh against you.
Beogh smites you!
* * * LOW HITPOINT WARNING * * *
You take 15 damage, and have 11/40 hp.
MASSIVE DAMAGE!!
A black bear comes into view.
The orc priest invokes the aid of Beogh against you.
Pain shoots through your body!
* * * LOW HITPOINT WARNING * * *
You take 5 damage, and have 6/40 hp.
The black bear growls angrily.
The orc priest calls down the wrath of Beogh upon you.
Beogh smites you!
You die...

#.# #.# #.# #.#
### ###.##..
.....#
.#.######.#.#.#.##
..hooo...@<.......
.#.#.#####..#.#...
...# #...# #....
##..#. .....# ...#
.


You could see a black bear, an orc priest and 2 orc wizards.

Vanquished Creatures
  Sigmund (D:4)
  A phantom (D:4)
  2 hounds (D:4)
  An orc priest (D:4)
  Crazy Yiuf (D:4)
  An iguana (D:4)
  An orc wizard (D:4)
  Natasha (thrice) (D:4)
  Robin (D:3)
  3 gnolls (D:4)
  5 adders
  An ufetubus (D:5)
  A worm (D:2)
  A dart slug (D:2)
  13 orcs
  5 bats
  11 endoplasms
  9 goblins
  9 hobgoblins
  4 quokkas
  9 ball pythons
  A frilled lizard (D:2)
  6 kobolds
  5 rats
95 creatures vanquished.

Vanquished Creatures (others)
  A goblin (D:3)
1 creature vanquished.

Grand Total: 96 creatures vanquished

Notes
Turn   | Place    | Note
-------+----------+-------------------------------------------
     0 | D:1      | sokol815 the Gargoyle Gladiator began the quest for the
                  | Orb.
     0 | D:1      | Reached XP level 1. HP: 12/12 MP: 1/1
   286 | D:1      | Reached XP level 2. HP: 17/17 MP: 2/2
   836 | D:1      | Reached skill level 4 in Staves
   927 | D:2      | Reached XP level 3. HP: 21/21 MP: 3/3
  1089 | D:2      | Found a faded altar of an unknown god.
  1100 | D:2      | Prayed at the altar of an unknown god.
  1100 | D:2      | Became a worshipper of the Wu Jian Council
  1100 | D:2      | Reached * piety under Wu Jian
  1229 | D:2      | Identified a scroll of acquirement
  1229 | D:2      | Acquired a manual of Hexes
  1274 | D:2      | Reached XP level 4. HP: 26/26 MP: 4/4
  1373 | D:2      | Reached skill level 5 in Staves
  2138 | D:3      | Noticed Robin
  2347 | D:3      | Killed Robin
  2349 | D:3      | Reached XP level 5. HP: 26/30 MP: 5/5
  2390 | D:3      | Reached ** piety under Wu Jian
  2681 | D:4      | Noticed Sigmund
  2687 | D:4      | Killed Sigmund
  2688 | D:4      | Reached skill level 6 in Staves
  2688 | D:4      | Reached XP level 6. HP: 35/35 MP: 6/6
  2693 | D:4      | Noticed Natasha
  2712 | D:4      | Killed Natasha
  2713 | D:4      | Reached skill level 7 in Staves
  2932 | D:4      | Reached XP level 7. HP: 30/40 MP: 7/7
  3057 | D:4      | Noticed Natasha
  3066 | D:4      | Killed Natasha
  3324 | D:4      | Found a radiant altar of Vehumet.
  3341 | D:4      | Found a shimmering altar of Xom.
  3418 | D:4      | Noticed Natasha
  3426 | D:4      | Killed Natasha
  3427 | D:4      | Reached skill level 8 in Staves
  3764 | D:4      | Found a runed translucent door.
  3765 | D:4      | Noticed Crazy Yiuf
  3926 | D:4      | Killed Crazy Yiuf
  3982 | D:5      | Entered Level 5 of the Dungeon
  4156 | D:5      | HP: 6/40 [orc priest/nerve-wracking pain (5)]
  4157 | D:5      | Killed from afar by an orc priest

Illustrated notes

Levels and vault maps discovered:
D:1:      heliophobic_arrival_dark_side_of_the_moon, layout_loops_ring
D:2:      layout_loops_cross, hellmonk_ecumenical_altar_run_dry
D:3:      layout_basic, chequers_arboretum, minmay_statues_item,
          dk_noncrumbling_4, uniq_robin
D:4:      layout_basic, mainiacjoe_overflow_swirl, grunt_ministairs_12,
          uniq_sigmund, uniq_natasha, uniq_crazy_yiuf_cottage
D:5:      layout_basic, st_stairs_10, grunt_decor_clamped,
          nicolae_fountain_basement

Skill      XL: |  1  2  3  4  5  6  7 |
---------------+----------------------+-----
Staves         | 4 5 6 7 8 |  8.6
Fighting       | |  2.1
Throwing       | |  1.7
Dodging        | |  2.4

Action                   |  1- 3 |  4- 6 |  7- 9 || total
-------------------------+-------+-------+-------++-------
Melee: Quarterstaff      |    80 |   131 |    64 ||   275
Throw: Javelin           |     1 |       |       ||     1
       Stone             |     1 |       |       ||     1
Invok: Lunge             |     2 |    15 |     3 ||    20
       Whirlwind         |       |     4 |     2 ||     6
  Use: Scroll            |     7 |     7 |     2 ||    16
Armor: Scale mail        |    29 |    63 |    23 ||   115
Dodge: Dodged            |    37 |    75 |    39 ||   151

Table legend: (Time is in decaauts)
 A = Elapsed time spent in this place.
 B = Non-inter-level travel time spent in this place.
 C = Inter-level travel time spent in this place.
 D = Time resting spent in this place.
 E = Time spent auto-exploring this place.
 F = Levels seen in this place.
 G = Mean time per level.
                   A        B        C        D        E       F      G
               +--------+--------+--------+--------+--------+-----+--------+
         Total |   4160 |   3903 |    257 |    428 |   2820 |   5 |  832.0 |
       Dungeon |   4160 |   3903 |    257 |    428 |   2820 |   5 |  832.0 |
               +--------+--------+--------+--------+--------+-----+--------+

Top non-repeatable levels by time:
     D:4: 1405 daAuts
     D:3: 1003 daAuts
     D:2: 875 daAuts
     D:1: 862 daAuts
     D:5: 14 daAuts

Table legend:
 A = Kills in this place as a percentage of kills in entire the game.
 B = Kills by you in this place as a percentage of kills by you in the entire game.
 C = Kills by friends in this place as a percentage of kills by friends in the entire game.
 D = Other kills in this place as a percentage of other kills in the entire game.
 E = Experience gained in this place as a percentage of experience gained in the entire game.
 F = Experience gained in this place divided by the number of levels of this place that you have seen.
                   A       B       C       D       E      F
               +-------+-------+-------+-------+-------+----------------------
         Total | 100.0 | 100.0 |   N/A |   N/A | 100.0 | 190.2
       Dungeon | 100.0 | 100.0 |   N/A |   N/A | 100.0 | 190.2
               +-------+-------+-------+-------+-------+----------------------
